 Dungeon Crawl Stone Soup version 0.18.1-48-g4cf74bf (webtiles) character file.

5206 alemelo the Blocker (level 10, -6/63 HPs)
             Began as a Gargoyle Fighter on July 15, 2016.
             Was a High Priest of Ru.
             Killed from afar by Erolcha (22 damage)
             ... with a puff of flame
             ... on level 8 of the Dungeon.
             The game lasted 00:34:24 (6548 turns).

alemelo the Blocker (Gargoyle Fighter)              Turns: 6548, Time: 00:34:25

Health: -6/63      AC: 21    Str: 20    XL:     10   Next: 60%
Magic:  10/10      EV: 11    Int:  9    God:    Ru [*****.]
Gold:   781        SH: 11    Dex: 12    Spells: 0 memorised, 9 levels left

rFire  x . .     SeeInvis +     o - +8 mace
rCold  x . .     Gourm    .     b - +0 scale mail
rNeg   + . .     Faith    .     c - +0 shield
rPois  ∞         Spirit   .     z - +1 helmet
rElec  +         Dismiss  +     J - +0 cloak
rCorr  .         Reflect  .     u - +0 pair of gloves
SustAt .         Harm     .     t - +0 pair of boots
MR     .....                    E - amulet of dismissal
Stlth  ++........               M - ring of see invisible
                                e - ring of stealth

@: not resistant to hostile enchantments, unstealthy
A: negative energy resistance 1, electricity resistance, unbreathing,
petrification resistance, rot immunity, inability to use devices, temperature
sensitive, AC +7
a: Sacrifice Love, Sacrifice Essence, Sacrifice Arcana, Reject Sacrifices, Draw
Out Power, Power Leap, Apocalypse, Renounce Religion


You were on level 8 of the Dungeon.
You worshipped Ru.
Ru was extremely pleased with you.
You were not hungry.

You visited 1 branch of the dungeon, and saw 8 of its levels.
You also visited: Ossuary.

You collected 781 gold pieces.

Inventory:

Hand Weapons
 o - a +8 mace (weapon)
 p - a cursed -1 hand axe
 G - a +2 battleaxe of chopping
 L - the +2 rapier of Juyshry {pain, rC+ MP+9 Int+6 Dex+2}
   (You found it on level 7 of the Dungeon)

   In the hands of one skilled in necromantic magic, it inflicts extra damage on
   living creatures.
   It affects your intelligence (+6).
   It affects your dexterity (+2).
   It protects you from cold.
   It affects your magic capacity (+9).
Armour
 b - a +0 scale mail (worn)
 c - a +0 shield (worn)
 g - a +2 hat of see invisible
 t - a +0 pair of boots (worn)
 u - a +0 pair of gloves (worn)
 z - a +1 helmet (worn)
 F - the +1 robe of the Snake Pit {rC++ Str+2}
   (You found it on level 5 of the Dungeon)

   It affects your strength (+2).
   It greatly protects you from cold.
 J - a +0 cloak (worn)
Jewellery
 e - a ring of stealth (left hand)
 A - an uncursed ring of wizardry
 E - an amulet of dismissal (around neck)
 M - a ring of see invisible (right hand)
Scrolls
 h - a scroll of magic mapping
 n - 2 scrolls of enchant armour {unknown}
 q - a scroll of teleportation
 s - 2 scrolls of noise {unknown}
 w - a scroll of holy word
 y - 2 scrolls of remove curse {unknown}
 C - a scroll of blinking
 N - 2 scrolls of amnesia
Potions
 a - a potion of lignification
 d - a potion of beneficial mutation {unknown}
 i - 7 potions of curing {unknown}
 j - 2 potions of heal wounds
 l - 2 potions of ambrosia {unknown}
 r - 5 potions of flight {unknown}
 x - 2 potions of haste
 B - 3 potions of degeneration {unknown}
 D - a potion of magic {unknown}
 H - a potion of agility {unknown}
 I - 4 potions of might
Comestibles
 f - 3 bread rations
 k - a meat ration
 v - 3 fruits


   Skills:
 + Level 7.4 Fighting
 + Level 7.7 Maces & Flails
 + Level 7.6 Armour
 + Level 5.4 Dodging
 - Level 3.1 Stealth
 + Level 8.8 Shields


You had 9 spell levels left.
You didn't know any spells.

Dungeon Overview and Level Annotations

Branches:
Dungeon (8/15)             Temple (0/1) D:6
   Lair: D:8-11

Altars:
Ashenzari
Cheibriados
Gozag
Pakellas
Ru
Xom
Yredelemnul

Annotations:
D:8 Erolcha


Innate Abilities, Weirdness & Mutations

You are resistant to torment.
Your stone body is resilient (AC +7).
You are immune to poison.
You resist negative energy.
You are resistant to electric shocks.
You can survive without breathing.
You are immune to petrification.
You are immune to rotting.
You cannot study or use magical devices.
You are sensitive to extremes of temperature (rF-, rC-).


Message History

You sock Erolcha!
Erolcha is heavily wounded.
You block the shadow imp's attack.
You sock Erolcha!
Erolcha is severely wounded.
You redirect Erolcha's attack!
Erolcha misses you.
The shadow imp hits you but does no damage.
The orc shouts!
You hit Erolcha.
Erolcha is severely wounded.
You block the shadow imp's attack.
Erolcha hits you with a giant spiked club!!
* * * LOW HITPOINT WARNING * * *
You sock Erolcha!
Erolcha is almost dead.
You block the shadow imp's attack. Erolcha gestures at you while chanting.
The puff of flame hits you! The fire burns you terribly!
You die...

#........# #...≈.≈.≈.............
#####.#..###..≈##+##≈............
# #>##......## ##.......o..!.
#.##.####.# #.>...5Z##### #
#.##..#...# #...O.<.# ##
#.........# #.......#
.####.#.####..# #......##
.......### #..#######.....##
.##..###.#####..@O...o..#.#
.###.###...#####5#...####.# .#
#.#..)÷...###)###.###..# ##
#.##.....##.....#...o.## #
#.###...##.........o.5. #.#
##†##..............
######.#...............
#......#...............
#.######...............


You could see Erolcha (invisible), a shadow imp and an orc.

Vanquished Creatures
  Maurice (D:8)
  A two-headed ogre (D:8)
  Sigmund (D:6)
  Eustachio (D:4)
  A hippogriff (D:8)
  2 phantoms
  A wasp (D:7)
  An ice beast (D:7)
  3 orc warriors
  2 black bears (D:8)
  2 ogres (D:4)
  2 centaurs (D:8)
  A crocodile (D:7)
  A big kobold (D:7)
  Blork the orc (D:6)
  A giant frog (D:7)
  A wyvern skeleton (D:8)
  2 scorpions
  3 howler monkeys
  4 crimson imps
  A giant frog zombie (D:5)
  A quasit (D:8)
  A jelly (D:7)
  2 orc priests
  2 hounds
  3 orc wizards
  An iguana (D:5)
  8 worker ants
  A killer bee zombie (D:6)
  A big kobold zombie (Ossuary)
  A hound skeleton (D:6)
  8 mummies (Ossuary)
  Robin (D:4)
  A howler monkey skeleton (D:7)
  17 adders
  3 gnolls
  A shadow imp (D:8)
  An ooze (D:4)
  An adder skeleton (D:4)
  2 worms
  3 dart slugs
  3 giant geckos
  19 orcs
  5 ball pythons
  3 giant cockroaches
  19 goblins
  12 hobgoblins
  3 jackals (D:4)
  15 kobolds
  3 quokkas
  A ball python skeleton (D:4)
  5 bats
  7 giant newts
  A hobgoblin zombie (Ossuary)
  2 kobold zombies (Ossuary)
  4 orc zombies (Ossuary)
  A quokka skeleton (D:4)
  6 rats
  A spectral orc (D:7)
202 creatures vanquished.

Vanquished Creatures (others)
  Gastronok (D:8)
  An iguana (D:7)
2 creatures vanquished.

Grand Total: 204 creatures vanquished

Notes
Turn   | Place    | Note
--------------------------------------------------------------
     0 | D:1      | alemelo the Gargoyle Fighter began the quest for the Orb.
     0 | D:1      | Reached XP level 1. HP: 14/14 MP: 1/1
   122 | D:1      | Reached XP level 2. HP: 19/19 MP: 2/2
   768 | D:2      | Found a sacrificial altar of Ru.
   777 | D:2      | Became a worshipper of Ru the Awakened
   863 | D:2      | Reached XP level 3. HP: 24/24 MP: 3/3
   983 | D:2      | Found a shattered altar of Ashenzari.
  1387 | D:2      | Reached XP level 4. HP: 29/29 MP: 4/4
  1506 | D:2      | Reached skill level 1 in Dodging
  1787 | D:3      | Reached skill level 4 in Shields
  1793 | D:3      | Gained mutation: You are sensitive to extremes of temperature (rF-, rC-). [Ru sacrifice]
  1793 | D:3      | Reached * piety under Ru
  1793 | D:3      | Reached ** piety under Ru
  1793 | D:3      | Reached *** piety under Ru
  1843 | D:3      | Reached XP level 5. HP: 33/33 MP: 5/5
  1877 | D:3      | HP: 1/49 [orc wizard/magic dart (8)]
  1879 | D:3      | Gained mutation: Scrolls take you a little longer to read. [potion of mutation]
  1879 | D:3      | Gained mutation: You are partially covered in icy blue scales (AC +1). [potion of mutation]
  1879 | D:3      | Gained mutation: You occasionally shout uncontrollably at your foes. [potion of mutation]
  2261 | D:4      | Noticed a phantom
  2267 | D:4      | Noticed Robin
  2309 | D:3      | Killed a phantom
  2309 | D:3      | Reached XP level 6. HP: 38/38 MP: 6/6
  2455 | D:4      | Killed Robin
  2551 | D:4      | Noticed Eustachio
  2569 | D:4      | Reached skill level 1 in Stealth
  2569 | D:4      | Reached XP level 7. HP: 43/44 MP: 7/7
  2579 | D:4      | Killed Eustachio
  2579 | D:4      | Reached skill level 5 in Armour
  2579 | D:4      | Reached skill level 5 in Shields
  2620 | D:4      | Found a snail-covered altar of Cheibriados.
  2900 | D:4      | Lost mutation: You occasionally shout uncontrollably at your foes. [potion of cure mutation]
  2900 | D:4      | Lost mutation: Scrolls take you a little longer to read. [potion of cure mutation]
  2900 | D:4      | Lost mutation: You are partially covered in icy blue scales (AC +1). [potion of cure mutation]
  2920 | D:5      | Entered Level 5 of the Dungeon
  3017 | D:5      | Reached XP level 8. HP: 41/48 MP: 8/8
  3021 | D:5      | Got a sheer robe
  3107 | D:5      | Gained mutation: You cannot study or use magical devices. [Ru sacrifice]
  3107 | D:5      | Reached **** piety under Ru
  3107 | D:5      | Reached ***** piety under Ru
  3641 | D:6      | Noticed Sigmund
  3645 | D:6      | Found an opulent altar of Gozag.
  3653 | D:6      | Noticed Blork the orc
  3654 | D:6      | Killed Sigmund
  3654 | D:6      | Reached skill level 5 in Fighting
  3654 | D:6      | Reached skill level 6 in Shields
  3678 | D:6      | Killed Blork the orc
  3785 | D:6      | Identified the +1 robe of the Snake Pit {rC++ Str+2} (You found it on level 5 of the Dungeon)
  3895 | D:6      | Found a sand-covered staircase.
  3904 | Ossuary  | Entered an ossuary
  4169 | D:6      | Found a shimmering altar of Xom.
  4335 | D:6      | Reached XP level 9. HP: 40/54 MP: 9/9
  4406 | D:6      | Reached skill level 5 in Maces & Flails
  4433 | D:7      | Reached skill level 7 in Shields
  4523 | D:6      | Found a staircase to the Ecumenical Temple.
  4717 | D:7      | Found a basalt altar of Yredelemnul.
  4893 | D:7      | Got a pitted rapier
  4895 | D:7      | Identified the +2 rapier of Juyshry {pain, rC+ MP+9 Int+6 Dex+2} (You found it on level 7 of the Dungeon)
  5174 | D:7      | Found an oddly glowing altar of Pakellas.
  5819 | D:8      | Noticed Gastronok
  5819 | D:8      | Noticed a two-headed ogre
  5941 | D:8      | Noticed Maurice
  5961 | D:8      | Killed Maurice
  5961 | D:8      | Reached skill level 8 in Shields
  5980 | D:8      | Reached skill level 5 in Dodging
  5995 | D:8      | Found Huadeodgh's Antique Weapon Boutique.
  6036 | D:8      | Killed a two-headed ogre
  6036 | D:8      | Reached XP level 10. HP: 48/61 MP: 10/10
  6095 | D:8      | Noticed Erolcha
  6119 | D:8      | Killed Gastronok
  6548 | D:8      | Killed from afar by Erolcha

Skill      XL: |  1  2  3  4  5  6  7  8  9 10 |
---------------+-------------------------------+-----
Dodging        | 1 2 3 4 5 |  5.4
Fighting       | 4 5 6 7 |  7.4
Armour         | 4 5 6 7 |  7.6
Shields        | 4 5 6 8 |  8.8
Maces & Flails | 3 4 6 7 |  7.7
Stealth        | 1 2 3 |  3.1

Action                   |  1- 3 |  4- 6 |  7- 9 | 10-12 || total
-------------------------+-------+-------+-------+-------++-------
Melee: Flail             |   110 |       |       |       ||   110
       Mace              |    31 |   187 |   339 |   101 ||   658
Invok: Sacrifice Resista |       |     1 |       |       ||     1
       Sacrifice Artific |       |       |     1 |       ||     1
  Use: Scroll            |     2 |       |    11 |       ||    13
       Potion            |       |     4 |     2 |     2 ||     8
 Stab: Invisible         |       |       |     2 |     4 ||     6
       Distracted        |       |       |     2 |       ||     2
       Paralysed         |       |       |     1 |       ||     1
  Eat: Bread ration      |     1 |     1 |     1 |       ||     3
       Fruit             |       |     1 |       |       ||     1
       Beef jerky        |       |       |     2 |       ||     2
       Meat ration       |       |       |     1 |       ||     1
       Pizza             |       |       |     1 |       ||     1
Armor: Scale mail        |    50 |   148 |   149 |    15 ||   362
       Skin              |       |    14 |       |       ||    14
Dodge: Dodged            |    49 |    80 |   127 |    28 ||   284
Block: Shield            |    77 |   151 |   186 |    36 ||   450
